 Dungeon Crawl Stone Soup version 0.20-a0-1089-g3fde505 (webtiles) character file.

177806 kuniqs the Nimble (level 18, -3/140 HPs)
             Began as a Gnoll Gladiator on May 3, 2017.
             Was the Champion of Okawaru.
             Slain by a naga warrior
             ... wielding a +0 scimitar
              (6 damage)
             ... on level 4 of the Snake Pit on May 5, 2017.
             The game lasted 01:26:43 (34236 turns).

kuniqs the Nimble (Gnoll Gladiator)                Turns: 34236, Time: 01:26:44

Health: -3/140     AC: 46    Str: 23    XL:     18   Next: 18%
Magic:  34/34      EV: 21    Int:  9    God:    Okawaru [******]
Gold:   2123       SH:  6    Dex: 22    Spells: 17/17 levels left

rFire    + . .     SeeInvis +   u - +4 morningstar (protect)
rCold    + . .     Gourm    .   Z - +0 buckler {rF+}
rNeg     . . .     Faith    .   M - +10 chain mail "Roteoxzo" {*Contam Regen+ rCorr Stlth+}
rPois    .         Spirit   .   D - +2 helmet {SInv}
rElec    .         Reflect  .   h - +2 cloak
rCorr    +         Harm     .   q - +2 pair of gloves {archery}
MR       .....                  s - +2 pair of boots {Fly}
Stlth    +.........             B - amulet of Housi {Regen+ MP+9 Str+6 Dex+3}
Regen    1.2/turn               S - +2 ring of evasion
MPRegen  0.3/turn               r - ring of protection from cold

@: heroism, protection aura, constricted
A: short attention span, fangs 1, sense surroundings 1, strong nose
a: Heroism, Finesse, Renounce Religion, Evoke Flight


You were on level 4 of the Snake Pit.
You worshipped Okawaru.
Okawaru was exalted by your worship.
You were not hungry.

You visited 5 branches of the dungeon, and saw 28 of its levels.
You also visited: Sewer and Volcano.

You collected 2876 gold pieces.
You spent 753 gold pieces at shops.

Inventory:

Hand Weapons
 u - a +4 morningstar of protection (weapon)
 v - a +0 hand axe of flaming
 z - a +0 blowgun
 L - a +1 antimagic morningstar
Missiles
 l - 4 throwing nets
 A - 9 curare-tipped needles
 I - 6 needles of confusion
 Q - 16 javelins of returning
 T - 8 javelins
 V - 10 steel javelins (quivered)
Armour
 h - a +2 cloak (worn)
 q - a +2 pair of gloves of archery (worn)
 s - a +2 pair of boots of flying (worn)
 x - a scarf of cold resistance
 D - a +2 helmet of see invisible (worn)
 M - the +10 chain mail "Roteoxzo" (worn) {*Contam Regen+ rCorr Stlth+}
   (You found it on level 2 of the Lair of Beasts)

   It causes magical contamination when unequipped.
   It increases your rate of regeneration.
   It protects you from acid and corrosion.
   It makes you more stealthy.
 Z - a +0 buckler of fire resistance (worn)
Jewellery
 r - a ring of protection from cold (right hand)
 B - the amulet of Housi (around neck) {Regen+ MP+9 Str+6 Dex+3}
   (You found it on level 10 of the Dungeon)

   [amulet of regeneration]

   It affects your strength (+6).
   It affects your dexterity (+3).
   It affects your magic capacity (+9).
   It increases your rate of regeneration.
 O - an uncursed amulet of rage
 S - a +2 ring of evasion (left hand)
 Y - an uncursed ring of protection from fire
Wands
 g - a wand of clouds (5/9)
 F - a wand of paralysis (12/24)
 J - a wand of digging (2/24)
 R - a wand of acid (9/15)
 U - a wand of iceblast (7/15)
Scrolls
 a - a scroll of fog
 j - a scroll of blinking
 k - a scroll of enchant weapon
 m - 4 scrolls of enchant armour
 w - 4 scrolls of magic mapping
 y - 4 scrolls of teleportation
 E - 14 scrolls of remove curse {@r2}
 G - a scroll of summoning
 H - a scroll of recharging
 N - 2 scrolls of vulnerability
 P - a scroll of immolation
Potions
 b - 5 potions of haste
 c - 4 potions of resistance
 i - 3 potions of cancellation
 n - 8 potions of curing {@q1}
 o - 4 potions of agility
 p - a potion of might
 t - 2 potions of magic
 C - 5 potions of heal wounds
 K - 2 potions of lignification
Comestibles
 d - 16 bread rations
 e - 12 meat rations
 f - 29 fruits
 W - 3 chunks of flesh
 X - 6 royal jellies


   Skills:
 + Level 12.2(17.2) Fighting
   Level 11.9(16.9) Staves
 - Level 10.3(15.3) Throwing
 + Level 12.1(17.1) Armour
 + Level 12.4(17.4) Dodging
 - Level 10.0 Invocations
 - Level 8.0 Evocations


You had 17 spell levels left.
You didn't know any spells.

Dungeon Overview and Level Annotations

Branches:
Dungeon (15/15)            Temple (1/1) D:4            Lair (6/6) D:9
  Swamp (0/4) Lair:2        Snake (4/4) Lair:3          Orc (2/2) D:12
    Elf (0/3) Orc:2        Vaults (0/5) D:13         Depths (0/5) D:15
  Slime: Lair:5-6

Altars:
Ashenzari
Cheibriados
Dithmenos
Elyvilon
Fedhas
Gozag
Hepliaklqana
Kikubaaqudgha
Makhleb
Nemelex Xobeh
Okawaru
Qazlal
Ru
Sif Muna
Trog
Uskayaw
Vehumet
Wu Jian
Xom
Yredelemnul
Zin
The Shining One

Shops:
D:5 [   Orc:1 !   Orc:2 ![(!   Snake:3 }

Annotations:
D:11 2 runed doors, exclusion: orange crystal statue
Lair:6 exclusion: 2 oklob plants
Snake:2 Jorgrun


Innate Abilities, Weirdness & Mutations

You have a short attention span.
You have very sharp teeth.
Your uncanny sense of smell can sniff out nearby items.
You passively map a small area around you.


Message History

The naga warrior constricts you. The black mamba closely misses you.
You bludgeon the naga warrior!! The black mamba closely misses you.
You block the naga's attack.
The naga warrior hits you but does no damage.
The naga warrior constricts you.
You closely miss the naga warrior. The black mamba bites you!
* * * LOW HITPOINT WARNING * * *
The black mamba bites you but does no damage.
You impale the naga warrior!!
You bite the naga warrior, but do no damage.
The naga barely misses you. You block the black mamba's attack.
The naga warrior spits poison at you. The splash of poison misses you.
The splash of poison hits the black mamba.
The naga warrior constricts you.
You bludgeon the naga warrior!!
The black mamba bites you but does no damage.
The naga warrior hits you with a scimitar!
* * * LOW HITPOINT WARNING * * *
You die...

#...<).....#.##.....##...
* *
#..........###...........
#.................†..####
......................##,
# ,,
..............##+###...#,,
..........)..##....#...#
............)P.....##..# ,
,
..........S)........#..#,
, ##?....%.)@........#..#
#.......%PN......##
#.....N%%%......# , * ,
#.....%.......###
.....%....#### , ,, *
........... * ............
, , , * , ............. ,
, .......!....#


You could see a naga warrior, a black mamba and a naga.

Vanquished Creatures
  Gastronok (Lair:2)
  3 nagarajas
  Aizul (Snake:2)
  2 entropy weavers
  A red draconian (Volcano)
  A dire elephant (Lair:6)
  Snorg (D:14)
  Fannar (D:11)
  Erolcha (D:9)
  4 naga warriors
  5 hydras
  8 anacondas
  A merfolk avatar (Lair:6)
  2 ice dragons
  A centaur warrior (Volcano)
  4 two-headed ogres
  A tengu warrior (D:13)
  12 death yaks
  A queen ant (Lair:6)
  An orc high priest (Orc:2)
  4 shock serpents
  7 naga sharpshooters
  An iron troll (D:13)
  A fire crab (Lair:6)
  A shadow wraith (D:13)
  3 skeletal warriors
  2 salamander mystics
  4 unseen horrors
  10 sea snakes (Snake:3)
  4 naga ritualists
  A wizard (D:14)
  6 mana vipers
  2 cyclopes
  A deep elf mage (D:15)
  2 orc knights (Orc:1)
  4 orc sorcerers (Orc:2)
  3 manticores
  10 ugly things
  9 salamanders
  15 elephants
  25 black mambas
  7 guardian serpents
  8 naga magi
  A torpor snail (Lair:4)
  2 gargoyles
  2 molten gargoyles (Volcano)
  2 rime drakes
  An efreet (D:15)
  14 spiny frogs
  12 komodo dragons
  A tengu conjurer (D:13)
  A freezing wraith (D:15)
  A yaktaur (Volcano)
  A queen bee (D:12)
  4 trolls
  2 hornets
  3 polar bears
  22 blink frogs
  6 meliai
  A tyrant leech (Lair:2)
  A wind drake (Lair:6)
  9 hippogriffs
  12 dream sheep (Lair:6)
  A wraith (D:14)
  A vampire (D:11)
  Sigmund (D:4)
  49 yaks
  A fire bat (Volcano)
  2 wyverns
  3 basilisks
  A hungry ghost (D:8)
  2 acid dragons
  Edmund (D:5)
  2 hell hounds (Orc:2)
  22 nagas
  2 wargs (Orc:2)
  21 water moccasins
  21 soldier ants
  7 porcupines
  A meliai simulacrum (D:15)
  2 black bears
  6 ice beasts
  3 sky beasts
  22 orc warriors
  An eye of draining (D:9)
  4 phantoms
  8 ogres
  12 centaurs
  19 crocodiles
  A big kobold (Sewer)
  16 bullfrogs
  5 scorpions
  35 killer bees
  8 wights (D:11)
  4 howler monkeys
  2 electric eels
  4 crimson imps
  A bullfrog zombie (D:12)
  2 quasits
  3 jellies
  27 orc priests
  38 orc wizards
  5 bullfrog skeletons
  A gnoll shaman (D:7)
  5 centaur skeletons
  6 hounds
  4 iguanas
  Natasha (thrice) (D:3)
  28 worker ants
  Terence (D:2)
  2 hound zombies
  A hound skeleton (D:5)
  2 worker ant zombies (D:8)
  A howler monkey skeleton (D:10)
  10 adders
  12 gnolls
  3 river rats
  4 shadow imps
  2 adder zombies (D:9)
  An adder skeleton (D:4)
  3 worms
  2 dart slugs
  6 leopard geckos
  65 orcs
  5 ball pythons
  10 bats
  4 giant cockroaches
  10 goblins
  6 hobgoblins
  16 jackals
  10 kobolds
  3 quokkas
  7 frilled lizards
  A quokka zombie (D:9)
  10 rats
  A spectral orc (D:3)
891 creatures vanquished.

Vanquished Creatures (others)
  A two-headed ogre (D:15)
  An orc (D:11)
  23 fungi
  23 plants (Lair:6)
48 creatures vanquished.

Grand Total: 939 creatures vanquished

Notes
Turn   | Place    | Note
-------+----------+-------------------------------------------
     0 | D:1      | kuniqs the Gnoll Gladiator began the quest for the Orb.
     0 | D:1      | Reached XP level 1. HP: 18/18 MP: 1/1
   164 | D:1      | Reached skill level 1 in Armour
   242 | D:1      | Reached XP level 2. HP: 24/24 MP: 2/2
   866 | D:2      | Found a shattered altar of Ashenzari.
   875 | D:2      | Reached XP level 3. HP: 29/29 MP: 3/3
  1228 | D:2      | Reached XP level 4. HP: 33/37 MP: 4/4
  1294 | D:2      | Found an ancient bone altar of Kikubaaqudgha.
  1295 | D:2      | Found a glowing golden altar of the Shining One.
  1566 | D:3      | Noticed Natasha
  1583 | D:3      | Killed Natasha
  1583 | D:3      | Reached skill level 5 in Staves
  1583 | D:3      | Reached skill level 5 in Dodging
  1583 | D:3      | Reached XP level 5. HP: 34/43 MP: 5/5
  1694 | D:3      | Noticed Terence
  1775 | D:2      | Killed Terence
  1975 | D:3      | Noticed Natasha
  1992 | D:3      | Killed Natasha
  2404 | D:3      | Noticed Natasha
  2410 | D:3      | Killed Natasha
  2410 | D:3      | Reached skill level 5 in Fighting
  2436 | D:3      | HP: 1/44 [orc/war axe (4)]
  2437 | D:3      | Reached skill level 5 in Throwing
  2437 | D:3      | Reached XP level 6. HP: 2/51 MP: 6/6
  3046 | D:3      | Found a basalt altar of Yredelemnul.
  3092 | D:3      | Found a deep blue altar of Sif Muna.
  3237 | D:4      | Found a staircase to the Ecumenical Temple.
  3244 | Temple   | Entered the Ecumenical Temple
  3495 | D:4      | Found a shadowy altar of Dithmenos.
  3517 | D:4      | Noticed Sigmund
  3601 | D:4      | Killed Sigmund
  3601 | D:4      | Reached XP level 7. HP: 42/57 MP: 7/7
  3718 | D:4      | Found an iron altar of Okawaru.
  3722 | D:4      | Became a worshipper of Warmaster Okawaru
  4055 | D:4      | Reached skill level 1 in Invocations
  4186 | D:4      | Reached skill level 5 in Armour
  4633 | D:5      | Entered Level 5 of the Dungeon
  4681 | D:5      | Reached XP level 8. HP: 52/65 MP: 9/9
  4760 | D:5      | Reached * piety under Okawaru
  4785 | D:5      | Noticed Edmund
  4816 | D:5      | Killed Edmund
  4841 | D:5      | Found Lahoar's Armour Emporium.
  5012 | D:5      | Found a glowing drain.
  5016 | Sewer    | Entered a sewer
  5187 | Sewer    | Found a white marble altar of Elyvilon.
  5543 | D:5      | Reached ** piety under Okawaru
  6449 | D:6      | Reached XP level 9. HP: 72/72 MP: 12/12
  7221 | D:7      | Found a bloodstained altar of Trog.
  7221 | D:7      | Found a hazy altar of Hepliaklqana.
  7230 | D:7      | Found a burning altar of Makhleb.
  7231 | D:7      | Found a shadowy altar of Dithmenos.
  7231 | D:7      | Found an opulent altar of Gozag.
  7231 | D:7      | Found a snail-covered altar of Cheibriados.
  7255 | D:7      | Found a sacrificial altar of Ru.
  7268 | D:7      | Reached skill level 5 in Invocations
  7370 | D:7      | Reached *** piety under Okawaru
  8329 | D:8      | Reached **** piety under Okawaru
  8354 | D:8      | Received a gift from Okawaru
  8577 | D:8      | Reached XP level 10. HP: 82/82 MP: 14/14
  9382 | D:9      | Found a staircase to the Lair.
  9439 | D:9      | Noticed Erolcha
  9458 | D:9      | Killed Erolcha
  9458 | D:9      | Reached ***** piety under Okawaru
  9477 | D:9      | Gained mutation: You passively map a small area around you. [mutagenic meat]
  9654 | D:10     | Entered Level 10 of the Dungeon
  9654 | D:10     | Noticed a skeletal warrior
  9699 | Lair:1   | Entered Level 1 of the Lair of Beasts
  9743 | Lair:1   | Noticed a spiny frog
  9765 | Lair:1   | Killed a spiny frog
 10392 | Lair:1   | Received a gift from Okawaru
 10400 | Lair:1   | Reached XP level 11. HP: 53/89 MP: 16/16
 10829 | Lair:1   | Received a gift from Okawaru
 11341 | Lair:2   | Got a slimy chain mail
 11342 | Lair:2   | Identified the +10 chain mail "Roteoxzo" {*Contam Regen+ rCorr Stlth+} (You found it on level 2 of the Lair of Beasts)
 11389 | Lair:2   | Noticed Gastronok
 11431 | Lair:2   | Killed Gastronok
 11431 | Lair:2   | Received a gift from Okawaru
 11630 | Lair:2   | Received a gift from Okawaru
 11701 | Lair:2   | Found a staircase to the Swamp.
 11828 | Lair:2   | Reached ****** piety under Okawaru
 11980 | Lair:2   | Received a gift from Okawaru
 12164 | Lair:2   | Reached XP level 12. HP: 97/97 MP: 18/18
 12472 | Lair:3   | Noticed a four-headed hydra
 12485 | Lair:3   | Killed a four-headed hydra
 12550 | Lair:3   | Found a staircase to the Snake Pit.
 12593 | Lair:3   | Reached skill level 10 in Dodging
 12899 | Lair:3   | Reached skill level 10 in Fighting
 14053 | Lair:4   | Reached skill level 10 in Staves
 14053 | Lair:4   | Reached skill level 10 in Throwing
 14926 | Lair:5   | Noticed a death yak
 14945 | Lair:5   | Noticed a death yak
 14975 | Lair:5   | Noticed a death yak
 15010 | Lair:4   | Killed a death yak
 15010 | Lair:4   | Received a gift from Okawaru
 15103 | Lair:5   | Noticed a death yak
 15103 | Lair:5   | Noticed a death yak
 15123 | Lair:5   | Killed a death yak
 15182 | Lair:4   | Killed a death yak
 15192 | Lair:4   | Killed a death yak
 15192 | Lair:4   | Reached XP level 13. HP: 72/103 MP: 20/20
 15264 | Lair:5   | Received a gift from Okawaru
 15612 | Lair:5   | Reached skill level 10 in Armour
 15796 | Lair:5   | Received a gift from Okawaru
 16588 | Lair:6   | Entered Level 6 of the Lair of Beasts
 17140 | Lair:5   | Reached skill level 10 in Invocations
 17279 | Lair:6   | Noticed an entropy weaver
 17295 | Lair:5   | Killed an entropy weaver
 17900 | Lair:5   | Reached XP level 14. HP: 107/111 MP: 21/21
 18184 | Lair:6   | Received a gift from Okawaru
 18187 | Lair:6   | GIMME LAJATANG OKA
 18371 | Lair:6   | Noticed an entropy weaver
 18378 | Lair:6   | Killed an entropy weaver
 18454 | Lair:6   | Received a gift from Okawaru
 19110 | Lair:6   | Noticed a dire elephant
 19138 | Lair:6   | Killed a dire elephant
 19227 | Lair:6   | Identified the Tome of Transmigration and the Traveller
 19243 | Lair:6   | DURN
 19269 | Lair:6   | NNNOOOO
 19562 | Lair:6   | Identified the +6 dagger of the Fray {drain, +Rage rN+ Str-2} (You found it on level 6 of the Lair of Beasts)
 19894 | Lair:6   | FUCK
 20879 | D:11     | Noticed Fannar
 21010 | D:11     | Received a gift from Okawaru
 21012 | D:11     | GIVE ME A WEAPON YOU BASTARD
 21138 | D:11     | Killed Fannar
 21138 | D:11     | Reached XP level 15. HP: 115/118 MP: 22/22
 21442 | D:11     | Reached skill level 1 in Evocations
 21479 | D:11     | Found a runed door.
 21532 | D:11     | Found a runed door.
 21533 | D:11     | AHA
 21621 | D:10     | Paralysed by a hornet for 1 turns
 21753 | D:11     | Received a gift from Okawaru
 22255 | D:12     | Found a staircase to the Orcish Mines.
 23108 | D:13     | Found a gate to the Vaults.
 23922 | D:15     | Entered Level 15 of the Dungeon
 24257 | D:14     | Noticed Snorg
 24278 | D:14     | Killed Snorg
 24690 | D:15     | Reached skill level 5 in Evocations
 25280 | D:15     | Received a gift from Okawaru
 25464 | D:15     | Found a staircase to the Depths.
 26027 | D:10     | Got an ancient amethyst amulet
 26029 | D:10     | Identified the amulet of Housi {Regen+ MP+9 Str+6 Dex+3} (You found it on level 10 of the Dungeon)
 26651 | Orc:1    | Entered Level 1 of the Orcish Mines
 26718 | Orc:1    | Found Lisonup's Distillery.
 26726 | Orc:1    | Bought a potion of mutation for 104 gold pieces
 26950 | Orc:2    | Entered Level 2 of the Orcish Mines
 26983 | Orc:2    | Found a dark tunnel.
 27007 | Volcano  | Entered a volcano
 27057 | Volcano  | Found a bloodstained altar of Trog.
 27162 | Volcano  | Reached XP level 16. HP: 118/126 MP: 23/23
 27362 | Orc:1    | Reached XP level 17. HP: 101/131 MP: 24/24
 27777 | Orc:2    | Found a staircase to the Elven Halls.
 28020 | Orc:2    | Paralysed by an orc sorcerer for 6 turns
 28328 | Orc:2    | Found Ifunt's Antique Weapon Boutique.
 28328 | Orc:2    | Found Nauxuplu's Distillery.
 28328 | Orc:2    | Found Hoqofedi's Antique Armour Shop.
 28331 | Orc:2    | Found Yhetam's Distillery.
 28337 | Orc:2    | Bought 2 potions of heal wounds for 130 gold pieces
 28337 | Orc:2    | Bought a potion of heal wounds for 65 gold pieces
 28337 | Orc:2    | Bought a potion of agility for 52 gold pieces
 28337 | Orc:2    | Bought a potion of might for 52 gold pieces
 28358 | Orc:2    | Bought 2 potions of haste for 280 gold pieces
 28358 | Orc:2    | Bought a potion of heal wounds for 70 gold pieces
 28903 | Snake:1  | Entered Level 1 of the Snake Pit
 29628 | Snake:1  | Received a gift from Okawaru
 30670 | Snake:1  | Received a gift from Okawaru
 31020 | Snake:2  | Noticed Aizul
 31050 | Snake:2  | Killed Aizul
 31326 | Snake:2  | Noticed Jorgrun
 32006 | Snake:3  | Found Gurenkei's Gadget Shoppe.
 33368 | Snake:3  | Received a gift from Okawaru
 33443 | Snake:3  | Reached XP level 18. HP: 109/140 MP: 25/25
 33913 | Snake:4  | Entered Level 4 of the Snake Pit
 33913 | Snake:4  | Found a glowing golden altar of the Shining One.
 34236 | Snake:4  | HP: 3/140 [naga warrior/scimitar (13)]
 34236 | Snake:4  | Slain by a naga warrior

Vault maps used:
D:1:      dpeg_arrival_line_fractal
D:2:      lemuel_round_altar, gammafunk_temple_overflow_statue, bh_chokoban
D:3:      yredelemnul_forgotten_temple_becter, led_sif_pool,
          kennysheep_generic_room_14, uniq_terence, uniq_natasha
D:4:      kennysheep_spiral_hall, okawaru_trees_2,
          minmay_temple_entry_statues_pillars, first_bread,
          nicolae_dithmenos_shadow_blocks, uniq_sigmund
D:5:      gup_sewer_entry_spiral, serial_shops, shop, uniq_edmund
D:7:      grunt_temple_overflow_open, grunt_ogre_cave, nrook_pool_corridor,
          nicolae_ru_sacrificial_ziggurat
D:8:      nicolae_wand_duel
D:9:      grunt_lair_entry_orc_guard_hut, serial_curves, eino_curves_01,
          eino_curves_01, uniq_erolcha
D:11:     chequers_guarded_unrand_ignorance, uniq_fannar
D:12:     orc_0_dummy
D:13:     david_vaults_4, minmay_misc_feat_pillars
D:14:     minmay_door_square, uniq_snorg
D:15:     grunt_enter_depths_hoard, hangedman_abyss_or_decor_stagger,
          minmay_misc_feat_ornament, nooodl_food_tri
Temple:   eino_wide_crystal_templ
Lair:1:   lemuel_fruit_fields, infiniplex_staircase_pool
Lair:2:   minmay_swamp_entry_worms, grunt_megastairs_1, uniq_gastronok
Lair:3:   minmay_snake_entry_guardpost_medium
Lair:5:   grunt_megastairs_2
Lair:6:   gammafunk_lair_ancient_temple, minmay_slime_entry_oklob_enclosed,
          minivault_29, grunt_megastairs_4
Snake:1:  hangedman_snake_corridor_cut
Snake:2:  st_stairs_8, uniq_jorgrun, uniq_aizul
Snake:3:  serial_shops, nicolae_shop_behind_doors
Snake:4:  grunt_snake_rune_serpentine_throne, basic_altar,
          hangedman_feature_mirror, lemuel_fruit_tree
Orc:1:    serial_shops, nicolae_shop_statue_plus
Orc:2:    st_orc_mages, enter_volcano_3
Sewer:    sewer_kobolds
Volcano:  volcano_lake

Skill      XL: |  1  2  3  4  5  6  7  8  9 10 11 12 13 14 15 16 17 |
---------------+----------------------------------------------------+-----
Armour         | 1 2 3 4 5 6 7 8 9 10 11 12 | 12.1
Fighting       | 4 5 6 7 8 9 10 11 12 | 12.2
Throwing       | 4 5 6 7 8 9 10 | 10.3
Staves         | 5 6 7 8 9 10 11 | 11.9
Dodging        | 5 6 7 8 9 10 11 12 | 12.4
Invocations    | 1 4 6 7 8 9 10 | 10.0
Evocations     | 7 8 |  8.0

Action                   |  1- 3 |  4- 6 |  7- 9 | 10-12 | 13-15 | 16-18 || total
-------------------------+-------+-------+-------+-------+-------+-------++-------
Melee: Quarterstaff      |   117 |    81 |    28 |       |       |       ||   226
       Bite              |    14 |    17 |    66 |   147 |   511 |   267 ||  1022
       Short sword       |       |    96 |    10 |       |       |       ||   106
       Unarmed           |       |     6 |       |       |       |       ||     6
       Whip              |       |       |   538 |   875 |  2174 |       ||  3587
       Dagger            |       |       |       |       |   136 |       ||   136
       Morningstar       |       |       |       |       |   648 |  1478 ||  2126
Throw: Javelin           |       |       |     4 |    62 |    70 |       ||   136
       Tomahawk          |       |       |       |    49 |     8 |       ||    57
       Throwing net      |       |       |       |     1 |     2 |       ||     3
Invok: Heroism           |       |       |       |     2 |     4 |     4 ||    10
       Finesse           |       |       |       |       |     1 |     2 ||     3
 Abil: Stop Flying       |       |       |       |     1 |       |       ||     1
       Evoke Berserk Rag |       |       |       |       |     8 |       ||     8
Evoke: Wand              |       |       |       |       |     2 |     6 ||     8
  Use: Scroll            |       |     1 |     8 |     6 |    17 |     7 ||    39
       Potion            |       |     1 |       |     6 |     3 |     8 ||    18
 Stab: Sleeping          |     1 |       |       |       |       |       ||     1
       Paralysed         |       |       |       |       |     5 |       ||     5
       Confused          |       |       |       |       |     1 |       ||     1
  Eat: Chunk             |     1 |     8 |    16 |    22 |    39 |    12 ||    98
       Fruit             |       |       |     1 |       |       |       ||     1
       Royal jelly       |       |       |       |     1 |     6 |     7 ||    14
Armor: Leather armour    |    35 |    12 |       |       |       |       ||    47
       Ring mail         |       |     1 |       |       |       |       ||     1
       Scale mail        |       |    45 |   171 |   101 |       |       ||   317
       Skin              |       |    10 |       |       |       |       ||    10
       Chain mail        |       |       |       |   176 |  1315 |   752 ||  2243
Dodge: Dodged            |    81 |   100 |   286 |   449 |  1636 |  1123 ||  3675
Block: Other             |    15 |    14 |    37 |    14 |       |       ||    80
       Reflection        |     1 |       |       |     4 |     1 |       ||     6
       Buckler           |       |       |       |   101 |   583 |   324 ||  1008
